 Dungeon Crawl Stone Soup version 0.29-a0-322-g68df515428 (webtiles) character file.

Game seed: 1771857921231432802

18 sanka the Insei (level 2, 29/29 HPs)
             Began as a Gnoll Monk on Apr 9, 2022.
             Was a Believer of Dithmenos.
             Quit the game on level 1 of the Dungeon.
             The game lasted 00:00:30 (403 turns).

sanka the Insei (Gnoll Monk)                         Turns: 403, Time: 00:00:31

Health: 29/29      AC:  2    Str: 10    XL:     2   Next: 70%
Magic:  2/2        EV: 15    Int:  9    God:    Dithmenos [**....]
Gold:   50         SH:  0    Dex: 14    Spells: 2/2 levels left

rFire   . . .      SeeInvis .     - Unarmed
rCold   . . .      Faith    .   (no shield)
rNeg    . . .      Spirit   .   a - +0 robe
rPois   .          Reflect  .   (no helmet)
rElec   .          Harm     .   (no cloak)
rCorr   .          Rampage  .   (no gloves)
Will    .....                   (no boots)
Stlth   +++.......              (no amulet)
HPRegen 0.09/turn               (no ring)
MPRegen 0.08/turn               (no ring)

@: wreathed by umbra
A: fangs 1, strong nose, distributed training
a: Renounce Religion, Shadow Step


You were on level 1 of the Dungeon.
You worshipped Dithmenos.
Dithmenos was pleased with you.
You visited 1 branch of the dungeon, and saw 1 of its levels.

You collected 50 gold pieces.


Innate Abilities, Weirdness & Mutations

You have very sharp teeth.
Your uncanny sense of smell can sniff out nearby items.
Your experience applies equally to all skills.


   Skills:
 + Level 6.5 Fighting
 + Level 0.5 Short Blades
 + Level 0.5 Long Blades
 + Level 0.5 Axes
 + Level 0.5 Maces & Flails
 + Level 0.5 Polearms
 + Level 0.5 Staves
 + Level 0.5 Slings
 + Level 0.5 Bows
 + Level 0.5 Crossbows
 + Level 0.5 Throwing
 + Level 0.5 Armour
 + Level 6.5 Dodging
 + Level 4.1 Stealth
 + Level 0.5 Shields
 + Level 6.5 Unarmed Combat
 + Level 0.5 Spellcasting
 + Level 0.3 Conjurations
 + Level 0.3 Hexes
 + Level 0.3 Summonings
 + Level 0.3 Necromancy
 + Level 0.3 Translocations
 + Level 0.3 Transmutations
 + Level 0.3 Fire Magic
 + Level 0.3 Ice Magic
 + Level 0.3 Air Magic
 + Level 0.3 Earth Magic
 + Level 0.3 Poison Magic
 + Level 0.6 Invocations
 + Level 0.5 Evocations


You had 2 spell levels left.
You didn't know any spells.
Your spell library was empty.

Inventory:

Armour
 a - a +0 robe (worn)
Scrolls
 d - a scroll of identify {unknown}
Potions
 b - a potion of ambrosia
 c - a potion of flight {unknown}

Dungeon Overview and Level Annotations

Branches:
Dungeon (1/15)

Altars:
Dithmenos

.▒ .▒.▒ ▒.▒▒▒...▒
▒.......... ▒▒ .▒.▒ ▒.▒
▒▒.▒▒▒▒........>. . .
▒.▒▒▒▒▒...).......... .
▒▒.......▒▒▒▒.......()
....▒)..▒▒▒.▒▒▒▒▒▒.....▒▒.
▒........▒▒..........▒▒▒▒
▒▒...▒.▒▒▒▒.'''''.▒▒▒▒ ▒..
▒. ▒.'''''.▒ ▒. ▒.
▒.''g''.▒ ▒ ▒. ▒.'''''.▒
▒. ▒.'''''▒▒ .. ▒▒▒....▒
..▒▒▒▒ .▒▒ . ▒


There were no monsters in sight!


Message History

You punch the bat!
You kill the bat!
No target in view!
No target in view!
No target in view!
You see here a bat corpse.
You now have 50 gold pieces (gained 8).
You see here a bat corpse.
You open the huge gate.
Found a faded altar of an unknown god.
A kobold comes into view. It is wielding a +0 club.
A kobold is nearby!
A kobold is nearby!
The kobold shouts!
No target in view!
No target in view!
No target in view!
A kobold is nearby!
You hit the kobold.
You kill the kobold!
No target in view!
There is a huge open gate here.
There is a huge open gate here.
There is a faded altar of an unknown god here.
You cannot tell which god this altar belongs to.
Convert to them anyway?
Dithmenos accepts your prayer! Dithmenos welcomes you!
You are shrouded in an aura of darkness!
You can now step into the shadows of nearby creatures.
Are you sure you want to abandon this character and quit the game? (Confirm with "yes".)

Action                   || total
-------------------------++-------
Melee: Unarmed           ||    37
       Punch             ||     3
       Bite              ||     4
 Stab: Sleeping          ||     3
Armor: Robe              ||     5
Dodge: Dodged            ||    20

Levels and vault maps discovered:
D:1:      kb_arrival_jail, layout_rooms, hellmonk_ecumenical_altar_heavens_door

Notes
Turn   | Place    | Note
-------+----------+-------------------------------------------
     0 | D:1      | sanka the Gnoll Monk began the quest for the Orb.
     0 | D:1      | Reached XP level 1. HP: 23/23 MP: 1/1
     2 | D:1      | Noticed a troll
     4 | D:1      | Noticed a demonspawn
     6 | D:1      | Noticed a gargoyle
     8 | D:1      | Noticed a spriggan
     8 | D:1      | Noticed a dwarf
    10 | D:1      | Noticed a tengu
    12 | D:1      | Noticed a felid
    12 | D:1      | Noticed a vampire
    14 | D:1      | Noticed a demigod
    14 | D:1      | Noticed an ogre
    16 | D:1      | Noticed an octopode
    16 | D:1      | Noticed a vine stalker
    18 | D:1      | Noticed a ghoul
    18 | D:1      | Noticed a merfolk
    20 | D:1      | Noticed a draconian
    22 | D:1      | Noticed a formicid
    22 | D:1      | Noticed a human
    24 | D:1      | Noticed an elf
    24 | D:1      | Noticed a naga
    26 | D:1      | Noticed a minotaur
   147 | D:1      | Reached XP level 2. HP: 29/29 MP: 2/2
   384 | D:1      | Found a faded altar of an unknown god.
   402 | D:1      | Prayed at the altar of an unknown god.
   402 | D:1      | Became a worshipper of Dithmenos the Shadowed
   402 | D:1      | Reached * piety under Dithmenos
   402 | D:1      | Reached ** piety under Dithmenos
   403 | D:1      | Quit the game

Vanquished Creatures
  A dart slug (D:1)
  A ball python (D:1)
  An endoplasm (D:1)
  2 hobgoblins (D:1)
  3 jackals (D:1)
  A quokka (D:1)
  2 bats (D:1)
  3 kobolds (D:1)
14 creatures vanquished.
